 Dungeon Crawl Stone Soup version 0.28-a0-1518-gbe868bca14 (webtiles) character file.

Game seed: 16607672962425450020

2990 sanka the Grappler (level 9, -7/74 HPs)
             Began as a Gnoll Cinder Acolyte on Jan 16, 2022.
             Was a Believer of Ignis.
             Mangled by an orc warrior (22 damage)
             ... on level 8 of the Dungeon.
             The game lasted 00:09:44 (9893 turns).

sanka the Grappler (Gnoll Cinder Acolyte)           Turns: 9893, Time: 00:09:45

Health: -7/74      AC:  8    Str: 17    XL:     9   Next: 83%
Magic:  8/26       EV: 13    Int: 17    God:    Ignis [**....]
Gold:   468        SH:  0    Dex:  9    Spells: 14/19 levels left

rFire   + . .      SeeInvis .     - Unarmed
rCold   + . .      Faith    .   (no shield)
rNeg    . . .      Spirit   .   a - +0 robe
rPois   +          Reflect  .   (no helmet)
rElec   .          Harm     .   l - +0 cloak
rCorr   .          Rampage  .   v - +0 pair of gloves of the Ecumenical Temple {rPois Will+ MP+9 Stlth-}
Will    ++...                   x - +2 pair of boots of Dramatic Exits {Str+4}
Stlth   +.........              (no amulet)
HPRegen 0.22/turn               s - ring of protection from cold
MPRegen 0.20/turn               h - ring of willpower

@: no status effects
A: fangs 1, strong nose, distributed training
a: Renounce Religion, Fiery Armour, Foxfire Swarm, Rising Flame


You were on level 8 of the Dungeon.
You worshipped Ignis.
Ignis was pleased with you.
You visited 2 branches of the dungeon, and saw 9 of its levels.

You collected 468 gold pieces.


Innate Abilities, Weirdness & Mutations

You have very sharp teeth.
Your uncanny sense of smell can sniff out nearby items.
Your experience applies equally to all skills.


   Skills:
 + Level 8.1 Fighting
 + Level 4.6 Short Blades
 + Level 4.6 Long Blades
 + Level 4.6 Axes
 + Level 4.6 Maces & Flails
 + Level 4.6 Polearms
 + Level 4.6 Staves
 + Level 4.6 Slings
 + Level 4.6 Bows
 + Level 4.6 Crossbows
 + Level 4.6 Throwing
 + Level 4.6 Armour
 + Level 4.6 Dodging
 + Level 4.6 Stealth
 + Level 4.6 Shields
 + Level 8.1 Unarmed Combat
 + Level 5.5 Spellcasting
 + Level 3.8 Conjurations
 + Level 3.8 Hexes
 + Level 3.8 Summonings
 + Level 3.8 Necromancy
 + Level 3.8 Translocations
 + Level 3.8 Transmutations
 + Level 6.7 Fire Magic
 + Level 3.8 Ice Magic
 + Level 3.8 Air Magic
 + Level 3.8 Earth Magic
 + Level 3.8 Poison Magic
 + Level 5.1 Invocations
 + Level 4.6 Evocations


You had 14 spell levels left.
You knew the following spells:

 Your Spells              Type           Power      Damage    Failure   Level
y - Scorch                Fire           54%        2d7       1%          2
z - Call Canine Familiar  Summ           17%        N/A       9%          3

Your spell library contained the following spells:

 Spells                   Type           Power      Damage    Failure   Level
 Summon Small Mammal      Summ           68%        N/A       2%          1
 Portal Projectile        Hex/Tloc       34%        N/A       9%          3
 Summon Guardian Golem    Hex/Summ       17%        N/A       9%          3
 Blade Hands              Tmut           8%         N/A       61%         5
 Excruciating Wounds      Necr           8%         N/A       61%         5

Inventory:

Hand Weapons
 n - a +2 quarterstaff of chaos
Armour
 a - a +0 robe (worn)
 l - a +0 cloak (worn)
 v - the +0 pair of gloves of the Ecumenical Temple (worn) {rPois Will+ MP+9 Stlth-} rPois: It protects you from poison. MP: It affects your magic capacity (+9). Will: It increases your willpower. Stlth: It makes you less stealthy.
 x - the +2 pair of boots of Dramatic Exits (worn) {Str+4}

   Str:       It affects your strength (+4).
 F - the +1 Delatra's gloves {ID++}

   It heals its wearer when they drink unknown potions.
   It restores its wearer's MP when they read unknown scrolls.
Jewellery
 h - a ring of willpower (right hand)
 s - a ring of protection from cold (left hand)
 G - an amulet of reflection
Wands
 q - a wand of digging (6)
 t - a wand of polymorph (25)
 u - a wand of paralysis (8)
 w - a wand of acid (4)
 A - a wand of mindburst (18)
Scrolls
 c - 5 scrolls of identify {unknown}
 d - 4 scrolls of blinking {unknown}
 e - 2 scrolls of teleportation {unknown}
 f - 4 scrolls of enchant armour {unknown}
 j - 3 scrolls of noise {unknown}
 k - 2 scrolls of enchant weapon {unknown}
 o - a scroll of immolation {unknown}
 p - 4 scrolls of vulnerability {unknown}
 r - 2 scrolls of amnesia {unknown}
 y - a scroll of fear {unknown}
 D - a scroll of torment {unknown}
Potions
 b - a potion of might {unknown}
 g - a potion of attraction {unknown}
 i - a potion of resistance {unknown}
 m - 2 potions of lignification {!q}
 z - a potion of curing {unknown}
 B - 2 potions of degeneration {unknown}
 C - 2 potions of flight {unknown}
 E - a potion of brilliance {unknown}

Dungeon Overview and Level Annotations

Branches:
Dungeon (8/15)             Temple (1/1) D:6
   Lair: D:8-11

Altars:
Ashenzari
Cheibriados
Dithmenos
Elyvilon
Fedhas
Gozag
Hepliaklqana
Kikubaaqudgha
Makhleb
Nemelex Xobeh
Okawaru
Qazlal
Ru
Sif Muna
Trog
Uskayaw
Vehumet
Wu Jian
Xom
Yredelemnul
Zin
The Shining One

Shops:
D:6 (   D:8 *

Portals:
Ossuary: D:8

▒...........▒
▒...........▒
▒.▒▒▒▒▒▒'▒▒▒▒ ▒ ▒.▒
▒.▒ ▒.▒ ▒.▒
.▒▒▒▒▒▒▒▒▒▒▒▒▒▒▒▒▒▒<▒
..5ooo)g..[.........▒
...▒▒▒▒▒▒▒▒▒▒.▒▒.▒▒▒▒
▒▒▒▒▒▒...▒.▒
▒......∩...▒
▒....▒...▒▒▒
▒....▒▒.▒▒
▒.....▒.▒▒▒▒
▒..(.......▒
▒..........▒


You could see an orc warrior (combustible), an orc wizard, a white imp and an
orc.


Message History

Unknown command.
Flames lash the orc wizard.
The orc wizard is burned terribly!
The orc wizard is severely wounded.
The orc warrior hits you from afar with a +0 glaive!
* * * LOW HITPOINT WARNING * * *
Unknown command.
Flames lash the orc wizard.
The orc wizard is severely wounded.
The orc warrior is no longer more vulnerable to fire.
The orc is no longer more vulnerable to fire.
The orc warrior hits you but does no damage.
Unknown command.
Flames lash the orc warrior.
The orc warrior is severely wounded.
The orc warrior's fire resistance burns away.
The orc warrior barely misses you.
Flames lash the orc warrior.
The orc warrior is severely wounded.
The orc warrior barely misses you.
Flames lash the orc wizard.
The orc wizard is burned terribly!
You kill the orc wizard!
The orc warrior hits you from afar with a +0 glaive!
* * * LOW HITPOINT WARNING * * *
Flames lash the orc warrior.
The orc warrior is burned terribly!
The orc warrior is almost dead.
The orc warrior hits you from afar with a +0 glaive!!
You die...

Action                   |  1- 3 |  4- 6 |  7- 9 || total
-------------------------+-------+-------+-------++-------
Melee: Unarmed           |    78 |    86 |    45 ||   209
       Bite              |     6 |    13 |     2 ||    21
       Punch             |     7 |     2 |     1 ||    10
 Cast: Scorch            |     6 |     9 |   173 ||   188
Invok: Foxfire Swarm     |     1 |     1 |     3 ||     5
       Fiery Armour      |       |       |     1 ||     1
Evoke: Wand              |       |       |     4 ||     4
  Use: Potion            |       |       |     1 ||     1
 Stab: Sleeping          |     1 |       |       ||     1
Armor: Robe              |    13 |    12 |    32 ||    57
       Skin              |       |       |     8 ||     8
Dodge: Dodged            |    37 |    39 |    89 ||   165

Levels and vault maps discovered:
D:1:      lightli_arrival_quake, layout_basic,
          shapermc_ecumenical_altar_notcrosses, minmay_misc_feat_hallway
D:2:      layout_loops_corners, basic_altar, uniq_crazy_yiuf_cottage
D:3:      layout_basic, chequers_serial_rivers_micro_a, uniq_sigmund, uniq_ijyb
D:4:      layout_basic, amcnicky_altar_gilded, minmay_fractal_squares_diagonal_5
D:5:      layout_basic, minmay_stone_trees_small
D:6:      layout_basic, minmay_temple_entry_grid, serial_shops, shop,
          minmay_misc_feat_iff, abandoned_shop, st_stairs_6,
          lightli_corner_chamber, uniq_eustachio
D:7:      layout_cave_pools, minivault_27, chequers_serial_rivers_small_a
D:8:      minmay_angry_zag, layout_basic, enter_ossuary_1, nicolae_shop_gadgets,
          uniq_grum
Temple:   dpeg_three_leaves_temple

Notes
Turn   | Place    | Note
-------+----------+-------------------------------------------
     0 | D:1      | sanka the Gnoll Cinder Acolyte began the quest for the Orb.
     0 | D:1      | Reached XP level 1. HP: 23/23 MP: 4/4
    67 | D:1      | Reached XP level 2. HP: 23/29 MP: 5/5
   133 | D:1      | Learned a level 2 spell: Scorch
   447 | D:1      | Found a faded altar of an unknown god.
   682 | D:1      | Reached XP level 3. HP: 25/35 MP: 7/7
  1335 | D:2      | Found a burning altar of Makhleb.
  1748 | D:2      | Reached skill level 1 in Invocations
  1855 | D:2      | Found a runed translucent door.
  1856 | D:2      | Noticed Crazy Yiuf
  2394 | D:2      | Killed Crazy Yiuf
  2395 | D:2      | Reached skill level 1 in Short Blades
  2395 | D:2      | Reached skill level 1 in Long Blades
  2395 | D:2      | Reached skill level 1 in Axes
  2395 | D:2      | Reached skill level 1 in Maces & Flails
  2395 | D:2      | Reached skill level 1 in Polearms
  2395 | D:2      | Reached skill level 1 in Staves
  2395 | D:2      | Reached skill level 1 in Slings
  2395 | D:2      | Reached skill level 1 in Bows
  2395 | D:2      | Reached skill level 1 in Crossbows
  2395 | D:2      | Reached skill level 1 in Throwing
  2395 | D:2      | Reached skill level 1 in Armour
  2395 | D:2      | Reached skill level 1 in Dodging
  2395 | D:2      | Reached skill level 1 in Stealth
  2395 | D:2      | Reached skill level 1 in Shields
  2395 | D:2      | Reached skill level 3 in Spellcasting
  2395 | D:2      | Reached skill level 1 in Evocations
  2395 | D:2      | Reached XP level 4. HP: 23/41 MP: 8/8
  2724 | D:3      | Noticed Sigmund
  2731 | D:3      | Killed Sigmund
  2732 | D:3      | Reached skill level 1 in Conjurations
  2732 | D:3      | Reached skill level 1 in Hexes
  2732 | D:3      | Reached skill level 1 in Summonings
  2732 | D:3      | Reached skill level 1 in Necromancy
  2732 | D:3      | Reached skill level 1 in Translocations
  2732 | D:3      | Reached skill level 1 in Transmutations
  2732 | D:3      | Reached skill level 1 in Ice Magic
  2732 | D:3      | Reached skill level 1 in Air Magic
  2732 | D:3      | Reached skill level 1 in Earth Magic
  2732 | D:3      | Reached skill level 1 in Poison Magic
  2732 | D:3      | Reached skill level 2 in Invocations
  2732 | D:3      | Reached XP level 5. HP: 29/47 MP: 9/9
  2732 | D:3      | Reached XP level 6. HP: 33/53 MP: 10/10
  3593 | D:3      | Noticed Ijyb
  3618 | D:3      | Killed Ijyb
  4193 | D:4      | Learned a level 3 spell: Call Canine Familiar
  4220 | D:4      | Reached skill level 2 in Short Blades
  4220 | D:4      | Reached skill level 2 in Long Blades
  4220 | D:4      | Reached skill level 2 in Axes
  4220 | D:4      | Reached skill level 2 in Maces & Flails
  4220 | D:4      | Reached skill level 2 in Polearms
  4220 | D:4      | Reached skill level 2 in Staves
  4220 | D:4      | Reached skill level 2 in Slings
  4220 | D:4      | Reached skill level 2 in Bows
  4220 | D:4      | Reached skill level 2 in Crossbows
  4220 | D:4      | Reached skill level 2 in Throwing
  4220 | D:4      | Reached skill level 2 in Armour
  4220 | D:4      | Reached skill level 2 in Dodging
  4220 | D:4      | Reached skill level 2 in Stealth
  4220 | D:4      | Reached skill level 2 in Shields
  4220 | D:4      | Reached skill level 2 in Evocations
  4464 | D:4      | Found a burning altar of Makhleb.
  4567 | D:4      | Noticed a black bear
  4590 | D:4      | Killed a black bear
  4591 | D:4      | Reached skill level 7 in Fighting
  4591 | D:4      | Reached skill level 7 in Unarmed Combat
  4591 | D:4      | Reached XP level 7. HP: 29/60 MP: 1/12
  4780 | D:4      | Identified the +0 pair of gloves of the Ecumenical Temple
                  | {rPois Will+ MP+9 Stlth-}
  4990 | D:4      | Reached skill level 2 in Conjurations
  4990 | D:4      | Reached skill level 2 in Hexes
  4990 | D:4      | Reached skill level 2 in Summonings
  4990 | D:4      | Reached skill level 2 in Necromancy
  4990 | D:4      | Reached skill level 2 in Translocations
  4990 | D:4      | Reached skill level 2 in Transmutations
  4990 | D:4      | Reached skill level 2 in Ice Magic
  4990 | D:4      | Reached skill level 2 in Air Magic
  4990 | D:4      | Reached skill level 2 in Earth Magic
  4990 | D:4      | Reached skill level 2 in Poison Magic
  5337 | D:7      | Noticed a wraith
  5347 | D:7      | Killed a wraith
  5348 | D:7      | Reached skill level 4 in Spellcasting
  5348 | D:7      | Reached skill level 3 in Invocations
  5384 | D:7      | Identified the +2 pair of boots of Dramatic Exits {Str+4}
  5516 | D:6      | Reached skill level 6 in Fire Magic
  5516 | D:6      | Reached XP level 8. HP: 36/67 MP: 4/14
  5530 | D:6      | Reached skill level 3 in Short Blades
  5530 | D:6      | Reached skill level 3 in Long Blades
  5530 | D:6      | Reached skill level 3 in Axes
  5530 | D:6      | Reached skill level 3 in Maces & Flails
  5530 | D:6      | Reached skill level 3 in Polearms
  5530 | D:6      | Reached skill level 3 in Staves
  5530 | D:6      | Reached skill level 3 in Slings
  5530 | D:6      | Reached skill level 3 in Bows
  5530 | D:6      | Reached skill level 3 in Crossbows
  5530 | D:6      | Reached skill level 3 in Throwing
  5530 | D:6      | Reached skill level 3 in Armour
  5530 | D:6      | Reached skill level 3 in Dodging
  5530 | D:6      | Reached skill level 3 in Stealth
  5530 | D:6      | Reached skill level 3 in Shields
  5530 | D:6      | Reached skill level 3 in Evocations
  5822 | D:5      | Entered Level 5 of the Dungeon
  7160 | D:5      | Reached skill level 3 in Conjurations
  7160 | D:5      | Reached skill level 3 in Hexes
  7160 | D:5      | Reached skill level 3 in Summonings
  7160 | D:5      | Reached skill level 3 in Necromancy
  7160 | D:5      | Reached skill level 3 in Translocations
  7160 | D:5      | Reached skill level 3 in Transmutations
  7160 | D:5      | Reached skill level 3 in Ice Magic
  7160 | D:5      | Reached skill level 3 in Air Magic
  7160 | D:5      | Reached skill level 3 in Earth Magic
  7160 | D:5      | Reached skill level 3 in Poison Magic
  7160 | D:5      | Reached skill level 4 in Invocations
  7738 | D:6      | Reached XP level 9. HP: 63/73 MP: 16/16
  7784 | D:6      | Found a staircase to the Ecumenical Temple.
  7794 | Temple   | Entered the Ecumenical Temple
  8401 | D:6      | HP: 5/73 [wyvern (6)]
  8402 | D:6      | Noticed Eustachio
  8405 | D:6      | Reached skill level 4 in Short Blades
  8405 | D:6      | Reached skill level 4 in Long Blades
  8405 | D:6      | Reached skill level 4 in Axes
  8405 | D:6      | Reached skill level 4 in Maces & Flails
  8405 | D:6      | Reached skill level 4 in Polearms
  8405 | D:6      | Reached skill level 4 in Staves
  8405 | D:6      | Reached skill level 4 in Slings
  8405 | D:6      | Reached skill level 4 in Bows
  8405 | D:6      | Reached skill level 4 in Crossbows
  8405 | D:6      | Reached skill level 4 in Throwing
  8405 | D:6      | Reached skill level 4 in Armour
  8405 | D:6      | Reached skill level 4 in Dodging
  8405 | D:6      | Reached skill level 4 in Stealth
  8405 | D:6      | Reached skill level 4 in Shields
  8405 | D:6      | Reached skill level 5 in Spellcasting
  8405 | D:6      | Reached skill level 4 in Evocations
  8411 | D:6      | HP: 2/111 [Eustachio (8)]
  8424 | D:6      | HP: 4/111 [hound (2)]
  8427 | D:6      | Killed Eustachio
  8757 | D:6      | Found the +1 Delatra's gloves {ID++}
  9081 | D:6      | Found Liop's Weapon Shop.
  9351 | D:7      | Reached skill level 8 in Fighting
  9351 | D:7      | Reached skill level 8 in Unarmed Combat
  9633 | D:8      | Found a sand-covered staircase.
  9667 | D:8      | Noticed Grum
  9686 | D:8      | Killed Grum
  9687 | D:8      | Reached skill level 5 in Invocations
  9826 | D:8      | Found Badeqelo's Gadget Gallery.
  9893 | D:8      | Mangled by an orc warrior

Vanquished Creatures
  Sigmund (D:3)
  Eustachio (D:6)
  A wyvern (D:6)
  A wraith (D:7)
  Grum (D:8)
  An orc warrior (D:6)
  2 sky beasts
  A black bear (D:4)
  2 centaurs
  An ogre (D:6)
  3 wolves (D:8)
  A necrophage (D:7)
  3 phantoms
  A bullfrog (D:6)
  2 scorpions
  A gnoll sergeant (D:6)
  A water moccasin zombie (D:6)
  A water moccasin skeleton (D:6)
  A centaur zombie (D:3)
  2 hounds
  A gnoll shaman (D:5)
  Crazy Yiuf (D:2)
  2 jellies
  3 iguanas
  Ijyb (D:3)
  A scorpion zombie (D:5)
  3 orc wizards
  A hound skeleton (D:4)
  A howler monkey zombie (D:7)
  19 gnolls
  4 adders
  A shadow imp (D:4)
  An adder skeleton (D:4)
  A worm (D:3)
  A dart slug (D:1)
  14 orcs
  2 bats
  10 endoplasms
  9 goblins
  12 hobgoblins
  5 jackals
  8 quokkas
  6 ball pythons
  5 frilled lizards (D:3)
  4 kobolds
  2 rats (D:3)
146 creatures vanquished.

Vanquished Creatures (others)
  87 foxfires
87 creatures vanquished.

Grand Total: 233 creatures vanquished
